 Dungeon Sprint DCSS version 0.27-a0-1006-g1fd4cec11e (webtiles) character file.

Game seed: 9675853115331784376

2746 mhtbhm the Arsonist (level 9, -1/48 HPs)
             Began as a Deep Elf Fire Elementalist on Apr 18, 2021.
             Was a High Priest of Vehumet.
             Slain by Naklubum the pandemonium lord (44 damage)
             ... in the Dungeon (Sprint V: "Ziggurat Sprint").
             The game lasted 00:06:04 (742 turns).

mhtbhm the Arsonist (Deep Elf Fire Elementalist)     Turns: 742, Time: 00:06:04

Health: -1/48      AC:  5    Str:  5    XL:     9   Next: 41%
Magic:  7/28       EV: 17    Int: 30    God:    Vehumet [*****.]
Gold:   0          SH:  0    Dex: 15    Spells: 12/35 levels left

rFire    + . .     SeeInvis .   C - +8 lance "Wyrmbane" {slay drac, rPois rF+ rC+ AC+3}
rCold    + . .     Faith    .   (no shield)
rNeg     . . .     Spirit   .   a - +0 robe
rPois    +         Reflect  .   (no helmet)
rElec    .         Harm     .   (no cloak)
rCorr    .         Rampage  .   (no gloves)
Will     .....     NoTele   +   (no boots)
Stlth    ++++......             (no amulet)
HPRegen  0.16/turn              u - +6 ring of intelligence
MPRegen  0.21/turn              z - ring of wizardry

@: silenced
A: no striking features
a: Renounce Religion


You were in the Dungeon.
You worshipped Vehumet.
Vehumet was extremely pleased with you.
You visited 1 branch

Inventory:

Hand Weapons
 r - a +2 morningstar of holy wrath
 C - the +8 lance "Wyrmbane" (weapon) {slay drac, rPois rF+ rC+ AC+3}
   (You found it in the Dungeon)

   It affects your AC (+3).
   It protects you from fire.
   It protects you from cold.
   It protects you from poison.
Armour
 a - a +0 robe (worn)
Jewellery
 t - the ring "Gut Gawn" {rPois MP+9 Int+4}
   (You found it in the Dungeon)

   [ring of magical power]

   It affects your intelligence (+4).
   It protects you from poison.
   It affects your magic capacity (+9).
 u - a +6 ring of intelligence (left hand)
 v - a +6 ring of intelligence
 w - an amulet of faith
 z - a ring of wizardry (right hand)
Wands
 y - a wand of mindburst (3)
 A - a wand of acid (5)
Scrolls
 m - 4 scrolls of amnesia
 n - 7 scrolls of fog
 o - a scroll of holy word
 p - 5 scrolls of identify
 q - 2 scrolls of fear
 D - a scroll of brand weapon
Potions
 b - 2 potions of brilliance
 c - 9 potions of curing
 d - a potion of heal wounds
 e - 6 potions of haste
 f - 7 potions of magic
 g - 3 potions of berserk rage
 i - 2 potions of invisibility
 j - 4 potions of resistance
 k - a potion of experience
 l - 5 potions of might
Miscellaneous
 h - a phantom mirror
 s - a tin of tremorstones (2/2)
 x - a condenser vane
 B - a lightning rod (4/4)


   Skills:
 - Level 2.0 Fighting
 - Level 1.7 Polearms
 - Level 9.6 Dodging
 - Level 8.0 Stealth
 + Level 13.6 Spellcasting
 - Level 6.9 Conjurations
 + Level 14.9 Fire Magic
 - Level 5.5 Evocations


You had 12 spell levels left.
You knew the following spells:

 Your Spells              Type           Power      Damage    Failure   Level
a - Foxfire               Conj/Fire      100%       2x1d9     1%          1
b - Conjure Flame         Conj/Fire      72%        6-21      1%          3
c - Inner Flame           Hex/Fire       60%        N/A       1%          3
d - Sticky Flame          Conj/Fire      72%        2d9       1%          4
e - Fireball              Conj/Fire      36%        3d15      1%          5
f - Spellforged Servitor  Conj/Summ      20%        N/A       41%         7

Your spell library contained the following spells:

 Spells                   Type           Power      Damage    Failure   Level
 Mephitic Cloud           Conj/Pois/Air  34%        N/A       1%          3
 Corona                   Hex            22%        N/A       1%          1
 Shock                    Conj/Air       100%       1d9       1%          1
 Call Imp                 Summ           20%        N/A       1%          2
 Ensorcelled Hibernation  Hex/Ice        40%        N/A       1%          2
 Slow                     Hex            20%        N/A       1%          2
 Static Discharge         Conj/Air       41%        N/A       1%          2
 Yara's Violent Unravell  Hex/Tmut       10%        3d6       8%          5
 Animate Dead             Necr           10%        N/A       10%         4
 Summon Lightning Spire   Summ/Air       20%        N/A       10%         4
 Borgnjor's Vile Clutch   Necr/Erth      10%        N/A       26%         5
 Silence                  Hex/Air        10%        N/A       26%         5
 Summon Forest            Summ/Tloc      10%        N/A       26%         5
 Summon Mana Viper        Hex/Summ       20%        N/A       26%         5
 Death Channel            Necr           10%        N/A       80%         6
 Shadow Creatures         Summ           N/A        N/A       80%         6
 Simulacrum               Ice/Necr       10%        N/A       80%         6
 Summon Hydra             Summ           10%        N/A       100%        7


Dungeon Overview and Level Annotations

Branches:
Dungeon (1/1)

Altars:
Ashenzari
Cheibriados
Dithmenos
Elyvilon
Fedhas
Gozag
Hepliaklqana
Kikubaaqudgha
Makhleb
Nemelex Xobeh
Okawaru
Qazlal
Ru
Sif Muna
Trog
Uskayaw
Vehumet
Wu Jian
Xom
Yredelemnul
Zin
The Shining One
Beogh
Jiyva
Lugonu


Message History

Unknown command.
Casting: Fireball (safe; 1% risk of failure)
Confirm with . or Enter, or press ? or * to list all spells.
Aiming: Fireball (safe; 1% risk of failure)
Press: ? - help, Shift-Dir - straight line, f/p - Oscheocs
Aim: Oscheocs, armed with an antimagic touch (silenced, lightly wounded, radiating silence)
The fireball explodes!
The fireball engulfs Naklubum!
Naklubum is lightly wounded.
The fireball engulfs the shadow imp!!
You kill the shadow imp!
Vehumet accepts your kill.
You feel your power returning.
The fireball engulfs the iron imp.
The iron imp completely resists.
Oscheocs gestures.
Oscheocs's surroundings become eerily quiet.
Unknown command.
Unknown command.
Casting: Fireball (safe; 1% risk of failure)
Confirm with . or Enter, or press ? or * to list all spells.
Aiming: Fireball (safe; 1% risk of failure)
Press: ? - help, Shift-Dir - straight line, f/p - Oscheocs
Aim: Oscheocs, armed with an antimagic touch (silenced, lightly wounded, radiating silence)
The fireball explodes!
The fireball engulfs Naklubum but does no damage.
Naklubum is lightly wounded.
Naklubum hits you!!!
Ouch! That really hurt!
* * * LOW HITPOINT WARNING * * *
Unknown command.
Unknown command.
Unknown command.
Okay, then.
You feel much better. Naklubum hits you!
You are electrocuted!
* * * LOW HITPOINT WARNING * * *
Oscheocs gestures.
Oscheocs's surroundings become eerily quiet.
Unknown command.
You feel much better. Naklubum hits you!!!
Ouch! That really hurt!
You die...

▓..:||..▓
▓..:)|..▓
▓.......▓
▓...&...▓
▓.......▓
...5...
▓.▓.&.▓.▓
▓...@...▓
▓▓▓▓▓▓▓▓▓


You could see Naklubum, Oscheocs (silencing) and an iron imp.

Vanquished Creatures
  4 draconians (D)
  A jumping spider (D)
  3 tarantellas (D)
  A neqoxec (D)
  A hell hound (D)
  2 phantoms (D)
  2 scorpions (D)
  A crimson imp (D)
  3 orc priests (D)
  3 shadow imps (D)
  An ufetubus (D)
  An adder skeleton (D)
  A bat zombie (D)
  A ball python skeleton (D)
  2 ball python zombies (D)
27 creatures vanquished.

Vanquished Creatures (others)
  A foxfire (D)
1 creature vanquished.

Grand Total: 28 creatures vanquished

Notes
Turn   | Place    | Note
-------+----------+-------------------------------------------
     0 | D        | mhtbhm the Deep Elf Fire Elementalist began the quest for
                  | the Orb.
     0 | D        | Reached XP level 1. HP: 10/10 MP: 6/6
     0 | D        | Found a shimmering blue altar of Sif Muna.
     0 | D        | Found a bloodstained altar of Trog.
     0 | D        | Found a sacrificial altar of Ru.
     0 | D        | Found a stormy altar of Qazlal.
     0 | D        | Found an iron altar of Okawaru.
     1 | D        | Found a sparkling altar of Nemelex Xobeh.
     1 | D        | Found a blossoming altar of Fedhas.
     2 | D        | Found the +6 Majin-Bo {vamp, MP+6 Int+6}
     2 | D        | Found the +9 heavy crossbow "Sniper" {vorpal, Acc+∞ SInv}
     2 | D        | Found the +10 dark maul {vorpal}
     2 | D        | Found the +15 Maxwell's patent armour {-Cast -Tele rElec
                  | Will+ rCorr}
     2 | D        | Found the +18 shield of the Gong {rElec rN+ Will+ EV-5}
     2 | D        | Found the +14 obsidian axe {vorpal, Drain Fly SInv}
     2 | D        | Found the +7 great mace "Firestarter" {inner flame, rF++}
     2 | D        | Found the +6 shillelagh "Devastator" {shatter}
     2 | D        | Found the +11 plutonium sword {Contam Stlth-}
     2 | D        | Found the +8 lance "Wyrmbane" {slay drac, rPois rF+ rC+
                  | AC+3}
     2 | D        | Found the +9 sword of Zonguldrok {reap}
     2 | D        | Found the +13 scythe of Curses {drain, Drain}
     2 | D        | Found the +5 sword of Power {vorpal}
     2 | D        | Found the +7 mace of Variability {chain chaos}
     2 | D        | Found the +7 Singing Sword {vorpal, sonic wave}
     2 | D        | Found the +8 storm bow {elec, penet}
     3 | D        | Found a transporter.
     3 | D        | Found an ancient bone altar of Kikubaaqudgha.
     3 | D        | Found a viscous altar of Jiyva.
     3 | D        | Found a corrupted altar of Lugonu.
     3 | D        | Found a hazy altar of Hepliaklqana.
     3 | D        | Found a burning altar of Makhleb.
     3 | D        | Found an opulent altar of Gozag.
    58 | D        | Became a worshipper of Vehumet
    71 | D        | Entered arena 2.
    71 | D        | Noticed a tarantella
    71 | D        | Noticed a scorpion
    71 | D        | Found a transporter.
    75 | D        | Killed a scorpion
    75 | D        | Killed a tarantella
    76 | D        | Reached skill level 5 in Dodging
    76 | D        | Reached skill level 5 in Stealth
    76 | D        | Reached skill level 9 in Fire Magic
    76 | D        | Reached skill level 1 in Evocations
    76 | D        | Reached XP level 2. HP: 7/15 MP: 7/12
    76 | D        | Reached XP level 3. HP: 9/19 MP: 7/13
    76 | D        | Reached XP level 4. HP: 12/24 MP: 8/15
    76 | D        | Reached XP level 5. HP: 14/28 MP: 8/16
    80 | D        | Learned a level 3 spell: Conjure Flame
    84 | D        | Learned a level 3 spell: Inner Flame
    89 | D        | Learned a level 4 spell: Sticky Flame
    95 | D        | Learned a level 5 spell: Fireball
   232 | D        | Entered arena 3.
   232 | D        | Found a transporter.
   233 | D        | Reached * piety under Vehumet
   233 | D        | Offered knowledge of Shock by Vehumet.
   234 | D        | Reached skill level 10 in Fire Magic
   234 | D        | Reached XP level 6. HP: 32/32 MP: 12/18
   240 | D        | Got the Tome of Captivating Confrontation
   245 | D        | Got the ring "Gut Gawn" {rPois MP+9 Int+4}
   339 | D        | Entered arena 4.
   339 | D        | Noticed a tarantella
   339 | D        | Noticed a jumping spider
   339 | D        | Noticed a tarantella
   339 | D        | Found a transporter.
   341 | D        | Killed a tarantella
   341 | D        | Killed a tarantella
   341 | D        | Reached ** piety under Vehumet
   341 | D        | Killed a jumping spider
   342 | D        | Reached skill level 10 in Spellcasting
   342 | D        | Reached skill level 12 in Fire Magic
   342 | D        | Reached XP level 7. HP: 36/36 MP: 23/23
   344 | D        | Reached skill level 13 in Fire Magic
   386 | D        | Learned a level 7 spell: Spellforged Servitor
   415 | D        | Entered arena 5.
   415 | D        | Noticed a draconian
   415 | D        | Noticed a draconian
   415 | D        | Noticed a draconian
   415 | D        | Noticed a draconian
   415 | D        | Found a transporter.
   423 | D        | Killed a draconian
   423 | D        | Offered knowledge of Magic Dart by Vehumet.
   423 | D        | Reached *** piety under Vehumet
   424 | D        | Reached skill level 5 in Conjurations
   424 | D        | Reached XP level 8. HP: 24/41 MP: 25/25
   438 | D        | Killed a draconian
   439 | D        | Reached skill level 1 in Fighting
   442 | D        | Killed a draconian
   443 | D        | Reached skill level 1 in Polearms
   443 | D        | Reached skill level 14 in Fire Magic
   447 | D        | Killed a draconian
   448 | D        | Reached skill level 5 in Evocations
   448 | D        | Reached XP level 9. HP: 23/48 MP: 28/28
   604 | D        | Entered arena 6.
   604 | D        | Found a transporter.
   605 | D        | Offered knowledge of Mephitic Cloud by Vehumet.
   605 | D        | Reached **** piety under Vehumet
   613 | D        | Got the Handbook of Creative Feathers
   690 | D        | Entered arena 7.
   691 | D        | Reached ***** piety under Vehumet
   694 | D        | Found a transporter.
   704 | D        | Got the Handbook of the Oath
   735 | D        | Entered arena 8.
   735 | D        | Noticed Naklubum the pandemonium lord
   735 | D        | Noticed Oscheocs the pandemonium lord
   742 | D        | Slain by Naklubum the pandemonium lord

Illustrated notes

Levels and vault maps discovered:
D:        sprint_v [room_start, room_1, room_2, room_3, room_4, room_5, room_6,
          room_7, room_8, room_9, room_10, room_11, room_12, room_13, room_14,
          room_15, room_16, room_17, room_18, room_19, room_20, room_21,
          room_22, room_23, room_24, room_25, room_26, room_27]

Skill      XL: |  1  2  3  4  5  6  7  8  9 |
---------------+----------------------------+-----
Dodging        | 5 6 7 8 9 |  9.6
Stealth        | 5 6 7 8 |  8.0
Spellcasting   | 7 10 11 13 | 13.6
Fire Magic     | 9 10 12 13 14 | 14.9
Evocations     | 1 2 3 5 |  5.5
Conjurations   | 4 5 6 |  6.9
Fighting       | 1 2 |  2.0
Polearms       | 1 |  1.7

Action                   |  1- 3 |  4- 6 |  7- 9 || total
-------------------------+-------+-------+-------++-------
Melee: Lance             |       |       |    11 ||    11
 Cast: Fireball          |       |     4 |     9 ||    13
       Sticky Flame      |       |       |     1 ||     1
       Foxfire           |       |       |     1 ||     1
Evoke: Wand              |     3 |       |    10 ||    13
       Tin of tremorston |       |       |     1 ||     1
  Use: Scroll            |     1 |       |     3 ||     4
       Potion            |       |       |    10 ||    10
Armor: Robe              |       |       |     1 ||     1
Dodge: Dodged            |       |       |    19 ||    19

Table legend: (Time is in decaauts)
 A = Elapsed time spent in this place.
 B = Non-inter-level travel time spent in this place.
 C = Inter-level travel time spent in this place.
 D = Time resting spent in this place.
 E = Time spent auto-exploring this place.
 F = Levels seen in this place.
 G = Mean time per level.
                   A        B        C        D        E       F      G
               +--------+--------+--------+--------+--------+-----+--------+
         Total |    739 |    739 |      0 |    480 |      0 |   1 |  739.0 |
       Dungeon |    739 |    739 |      0 |    480 |      0 |   1 |  739.0 |
               +--------+--------+--------+--------+--------+-----+--------+

Top non-repeatable levels by time:
       D: 739 daAuts
